 Dungeon Crawl Stone Soup version 0.21-a0-426-g98080a9 (webtiles) character file.

954 mastercheaf21 the Basher (level 7, -1/59 HPs)
             Began as a Minotaur Berserker on Nov 6, 2017.
             Was an Elder of Trog.
             Slain by a sky beast (2 damage)
             ... on level 5 of the Dungeon.
             The game lasted 00:42:44 (5385 turns).

mastercheaf21 the Basher (Minotaur Berserker)       Turns: 5385, Time: 00:42:45

Health: -1/59      AC: 11    Str: 24    XL:     7   Next: 91%
Magic:  6/6        EV:  7    Int:  4    God:    Trog [****..]
Gold:   218        SH:  0    Dex:  9    Spells: 6/6 levels left

rFire    . . .     SeeInvis .   F - +0 great mace
rCold    . . .     Gourm    .   (shield currently unavailable)
rNeg     . . .     Faith    .   H - +0 plate armour
rPois    .         Spirit   .   (helmet restricted)
rElec    .         Reflect  .   (no cloak)
rCorr    .         Harm     .   (no gloves)
MR       +....                  (no boots)
Stlth    ..........             (no amulet)
HPRegen  0.19/turn              D - ring of protection from magic
MPRegen  0.10/turn              (no ring)

@: hasted, very quick
A: retaliatory headbutt, horns 2
a: Berserk, Trog's Hand, Brothers in Arms, Burn Spellbooks, Renounce Religion


You were on level 5 of the Dungeon.
You worshipped Trog.
Trog was greatly pleased with you.
You were not hungry.

You visited 1 branch of the dungeon, and saw 6 of its levels.

You collected 218 gold pieces.

Inventory:

Hand Weapons
 a - a +2 mace of protection
 r - a +0 flail
 s - a +0 dagger
 t - a +0 hunting sling
 x - a +0 flail
 C - a +2 long sword of flaming
 F - a +0 great mace (weapon)
 K - a +0 halberd
 O - a +0 war axe
Missiles
 c - 202 stones
 w - 3 tomahawks (quivered)
Armour
 b - a +0 animal skin
 h - a +0 scale mail
 p - a cursed -1 leather armour
 y - a +0 leather armour
 z - a +0 ring mail
 H - a +0 plate armour (worn)
Magical Staves
 A - an uncursed staff of power
Jewellery
 D - a ring of protection from magic (left hand)
 M - an uncursed ring of positive energy {unknown}
Scrolls
 e - 3 scrolls of fog {unknown}
 f - a scroll of enchant weapon {unknown}
 j - 3 scrolls of amnesia {unknown}
 o - a scroll of recharging {unknown}
 q - 7 scrolls of identify {unknown}
 u - a scroll of remove curse {unknown}
 I - 2 scrolls of magic mapping {unknown}
Potions
 g - 3 potions of curing {unknown}
 i - a potion of magic {unknown}
 k - 3 potions of degeneration {unknown}
 l - 2 potions of might {unknown}
 m - 3 potions of mutation {unknown}
 E - a potion of invisibility {unknown}
 G - a potion of lignification {unknown}
 L - 2 potions of agility
Comestibles
 d - 2 meat rations
 n - 6 royal jellies
 B - a fruit
 J - 3 bread rations


   Skills:
 - Level 4.0 Fighting
 + Level 11.0 Maces & Flails
 - Level 0.1(0.3) Slings
 - Level 0.4(0.5) Throwing
 - Level 2.5 Armour
 - Level 2.3 Dodging


You had 6 spell levels left.
You didn't know any spells.

Dungeon Overview and Level Annotations

Branches:
Dungeon (6/15)             Temple (0/1) D:5

Altars:
Fedhas
Zin

Annotations:
D:6 Eustachio


Innate Abilities, Weirdness & Mutations

You reflexively headbutt those who attack you in melee.
You have a pair of horns on your head.


Message History

The centaur zombie hits you but does no damage.
The gnoll closely misses you. You furiously retaliate!
You headbutt the gnoll! The sky beast hits you. The sky beast shocks you.
You can't go down here!
The centaur zombie hits you. The gnoll hits you. The sky beast hits you.
* * * LOW HITPOINT WARNING * * *
The sky beast shocks you.
* * * LOW HITPOINT WARNING * * *
The centaur zombie closely misses you.
You climb upwards.
There is a stone staircase leading down here.
You miss the sky beast. The gnoll hits you but does no damage.
The sky beast hits you but does no damage.
You closely miss the sky beast. The gnoll hits you.
* * * LOW HITPOINT WARNING * * *
The sky beast hits you but does no damage.
It was a potion of haste.
You feel yourself speed up. The gnoll hits you.
* * * LOW HITPOINT WARNING * * *
The sky beast hits you.
You die...

##.###############.###.# ####.#
##.##............#.....# #.(..##
##.##.##########.#########.##..#
##.##.# #.#....###....#.#
##.##.# #....##...##....# #.##.#
#...#..###..#...#
#.##.##########'.#..#...#..#..#
##.##.#...##......#.#.###.#.#..#
......'...++...Y@#.#.#...#.#.#.#
...##.#...##...g.#.#.#.>.#.#.#.#
..###.#...##.....#.#.#...#.#.#.#
#.###.#...##......#.#.###.#.#..#
......#...##......#..#...#..#..#
##.####...##.......#..###..#...#
#.## #...######....##...##...##
#..# #...# #......###....## ##.#
#...# ##....## ######


You could see a sky beast and a gnoll.

Vanquished Creatures
  The ghost of zorance the Ruffian, an amateur DrTm (D:4)
  A phantom (D:4)
  A necrophage (D:5)
  An ogre (D:5)
  A bullfrog (D:5)
  2 crimson imps
  A hound (D:4)
  An orc priest (D:4)
  A jelly (D:5)
  An iguana (D:4)
  A worker ant (D:5)
  7 gnolls
  14 adders
  An ooze (D:1)
  An adder skeleton (D:4)
  2 worms
  2 dart slugs
  2 leopard geckos
  11 orcs
  2 ball pythons (D:2)
  A giant cockroach (D:3)
  10 hobgoblins
  5 jackals
  10 kobolds
  3 quokkas
  7 bats
  4 frilled lizards
  A giant cockroach zombie (D:5)
  5 goblins
  A leopard gecko skeleton (D:4)
  9 rats
110 creatures vanquished.

Notes
Turn   | Place    | Note
-------+----------+-------------------------------------------
     0 | D:1      | mastercheaf21 the Minotaur Berserker began the quest for the Orb.
     0 | D:1      | Reached XP level 1. HP: 19/19 MP: 0/0
   104 | D:1      | Reached skill level 4 in Maces & Flails
   104 | D:1      | Reached XP level 2. HP: 25/27 MP: 1/1
   398 | D:1      | Reached XP level 3. HP: 30/33 MP: 2/2
   622 | D:2      | Reached skill level 5 in Maces & Flails
   982 | D:2      | Reached ** piety under Trog
  1336 | D:2      | Reached XP level 4. HP: 22/40 MP: 3/3
  1343 | D:2      | Reached skill level 6 in Maces & Flails
  1359 | D:2      | HP: 2/40 [poisoned by an adder]
  2456 | D:3      | Reached XP level 5. HP: 38/46 MP: 4/4
  2583 | D:3      | Found a glowing silver altar of Zin.
  2875 | D:3      | Reached *** piety under Trog
  3019 | D:3      | Reached skill level 7 in Maces & Flails
  3405 | D:4      | Reached XP level 6. HP: 46/52 MP: 5/5
  3418 | D:4      | Reached skill level 8 in Maces & Flails
  4425 | D:4      | Reached skill level 9 in Maces & Flails
  4522 | D:4      | Noticed zorance's ghost (amateur DrTm)
  4533 | D:4      | Killed zorance's ghost
  4533 | D:4      | Reached XP level 7. HP: 59/59 MP: 6/6
  4553 | D:5      | Entered Level 5 of the Dungeon
  4645 | D:5      | Reached skill level 10 in Maces & Flails
  4681 | D:5      | Reached **** piety under Trog
  4707 | D:5      | Found a blossoming altar of Fedhas.
  4831 | D:5      | Found a staircase to the Ecumenical Temple.
  5216 | D:6      | Noticed Eustachio
  5223 | D:5      | Reached skill level 11 in Maces & Flails
  5385 | D:5      | HP: 1/59 [gnoll (3)]
  5385 | D:5      | Slain by a sky beast

Vault maps used:
D:1:      nagdon_arrival_double_spiral
D:2:      grunt_decor_fettered, kennysheep_generic_room_16
D:3:      nicolae_overflow_hidden_temple
D:5:      overflow_temple_1_default, minmay_temple_entry_steel_oval,
          first_bread, hangedman_decor_riveting
D:6:      cheibrodos_two_vegetables, kennysheep_boxes, uniq_eustachio

Skill      XL: |  1  2  3  4  5  6  7 |
---------------+----------------------+-----
Fighting       | 4 |  4.0
Maces & Flails | 4 5 6 7 9 11 | 11.0
Slings         | |  0.1
Throwing       | |  0.4
Armour         | |  2.5
Dodging        | |  2.3

Action                   |  1- 3 |  4- 6 |  7- 9 || total
-------------------------+-------+-------+-------++-------
Melee: Mace              |    60 |   126 |       ||   186
       Headbutt          |    11 |    29 |     8 ||    48
       Flail             |       |    19 |       ||    19
       Hunting sling     |       |     1 |       ||     1
       Great mace        |       |    15 |    48 ||    63
 Fire: Hunting sling     |       |    11 |       ||    11
Throw: Stone             |     3 |       |       ||     3
       Tomahawk          |       |     2 |       ||     2
Invok: Berserk           |     1 |       |       ||     1
  Use: Potion            |       |       |     1 ||     1
  Eat: Bread ration      |     1 |       |       ||     1
       Meat ration       |       |     1 |       ||     1
       Chunk             |       |     2 |     3 ||     5
       Fruit             |       |     1 |       ||     1
Armor: Animal skin       |     5 |    13 |       ||    18
       Scale mail        |       |    16 |       ||    16
       Plate armour      |       |    51 |    48 ||    99
Dodge: Dodged            |    48 |    77 |    24 ||   149

Table legend:
 A = Spawn XP
 B = Non-spawn XP
 C = Spawn XP percentage of total XP
 D = Spawn monster count
 E = Non-spawn monster count
 F = Spawn count percentage of total count
 G = Total turns spent on level
                    A         B        C        D         E        F      G
               +---------+---------+-------+---------+---------+-------+---------
         Total |       0 |    1364 |   0.0 |       0 |     110 |   0.0 |  5385
               +---------+---------+-------+---------+---------+-------+---------
           D:1 |       0 |      47 |   0.0 |       0 |      17 |   0.0 |   624
           D:2 |       0 |     143 |   0.0 |       0 |      31 |   0.0 |  1815
           D:3 |       0 |     112 |   0.0 |       0 |      26 |   0.0 |   891
           D:4 |       0 |     538 |   0.0 |       0 |      20 |   0.0 |  1223
           D:5 |       0 |     497 |   0.0 |       0 |      14 |   0.0 |   813
           D:6 |       0 |      27 |   0.0 |       0 |       2 |   0.0 |    19
               +---------+---------+-------+---------+---------+-------+---------
